 Dungeon Crawl Stone Soup version 0.26-a0-1025-g006ef2cfcc (webtiles) character file.

Game seed: 11879767607945458654

104 Kraken2834 the Stinger (level 4, -7/33 HPs)
             Began as a Merfolk Venom Mage on Dec 9, 2020.
             Was an Initiate of Vehumet.
             Killed from afar by a white imp (10 damage)
             ... with a puff of frost
             ... summoned by Natasha
             ... on level 2 of the Dungeon.
             The game lasted 00:08:38 (1924 turns).

Kraken2834 the Stinger (Merfolk Venom Mage)         Turns: 1924, Time: 00:08:39

Health: -7/33      AC:  2    Str:  8    XL:     4   Next: 80%
Magic:  1/8        EV: 17    Int: 15    God:    Vehumet [......]
Gold:   106        SH:  0    Dex: 14    Spells: 7/8 levels left

rFire    . . .     SeeInvis .   b - +0 flail
rCold    . . .     Faith    .   (no shield)
rNeg     . . .     Spirit   .   a - +0 robe
rPois    .         Reflect  .   (no helmet)
rElec    .         Harm     .   (no cloak)
rCorr    .         Rampage  .   (no gloves)
Will     .....                  (no boots)
Stlth    ++........             i - amulet of inaccuracy (curse)
HPRegen  0.11/turn              h - +4 ring of evasion
MPRegen  0.11/turn              (no ring)

@: no status effects
A: change form in water, swift swim, stealthy swim
a: Renounce Religion


You were on level 2 of the Dungeon.
You worshipped Vehumet.
Vehumet was noncommittal.
You visited 1 branch of the dungeon, and saw 2 of its levels.

You collected 106 gold pieces.

Inventory:

Hand Weapons
 b - a +0 flail (weapon)
Armour
 a - a +0 robe (worn)
Jewellery
 h - a +4 ring of evasion (left hand)
 i - a cursed amulet of inaccuracy (around neck)
Scrolls
 c - a scroll of teleportation
 d - a scroll of enchant armour
 j - a scroll of noise


   Skills:
 * Level 1.7 Fighting
 - Level 2.6 Dodging
 - Level 2.1 Stealth
 + Level 2.7 Spellcasting
 + Level 2.6 Transmutations
 + Level 4.5 Poison Magic


You had 7 spell levels left.
You knew the following spells:

 Your Spells              Type           Power        Failure   Level
a - Sting                 Tmut/Pois      ##..         4%          1

Your spell library contained the following spells:

 Spells                   Type           Power        Failure   Level
 Poisonous Vapours        Pois/Air       #.....       12%         2
 Ignite Poison            Fire/Tmut/Pois #.......     22%         3
 Mephitic Cloud           Conj/Pois/Air  #.......     32%         3
 Olgreb's Toxic Radiance  Pois           ###.....     32%         4


Dungeon Overview and Level Annotations

Branches:
Dungeon (2/15)

Altars:
Fedhas
Makhleb
Nemelex Xobeh
Vehumet

Annotations:
D:2 Natasha


Message History

Natasha barely misses you. The white imp hits you. The white imp freezes you.
* * * LOW HITPOINT WARNING * * *
Natasha growls.
Natasha misses you.
You feel better. The white imp hits you. The white imp freezes you.
* * * LOW HITPOINT WARNING * * *
Natasha closely misses you.
It was a potion of cancellation.
You feel magically purged. The white imp barely misses you. Natasha claws you.
* * * LOW HITPOINT WARNING * * *
Casting: Sting (safe; 4% risk of failure)
Confirm with . or Enter, or press ? or * to list all spells.
Aiming: Sting (safe; 4% risk of failure)
Press: ? - help, Shift-Dir - straight line, f/p - Natasha
Aim: Natasha (severely wounded, poisoned, 65% to evade)
The sting hits Natasha.
Natasha looks even sicker.
Natasha is almost dead.
The white imp gestures at you. The puff of frost hits you!
You die...

.....###.#..##.# ##...##
#..............# ##.....##
#.#.######.##### ###.......####
#.#.# ####.#. ......_......#
#.#†# #....#. ###.......##.#
#.#.# #.####. ##.....###.#
#.#.###.## #. ##..(## #.#
.........###.###### ##.## #.#
#..............h@.#####.# #.#
#...#....#...####5##....# #.#
#...#.#.##........#)###.# #.#
#...#.#.##..#.......# #.# #.# #
....#.#....#.###..#.###.#####.###
>#..#.#.##.#.# #.................
.#..#.#.##.#.###..##..#####..####
.#..#.#.......(...##..# #..# #
.#...............<....# #..#


You could see Natasha (very poisoned) and a white imp (summoned).

Vanquished Creatures
  Natasha (twice) (D:2)
  A gnoll (D:1)
  An adder (D:2)
  3 dart slugs
  A worm (D:2)
  2 leopard geckos
  A giant cockroach (D:1)
  5 hobgoblins
  5 bats
  A frilled lizard (D:2)
  4 kobolds
  5 rats (D:1)
31 creatures vanquished.

Notes
Turn   | Place    | Note
-------+----------+-------------------------------------------
     0 | D:1      | Kraken2834 the Merfolk Venom Mage began the quest for the
                  | Orb.
     0 | D:1      | Reached XP level 1. HP: 13/13 MP: 3/3
    65 | D:1      | Reached XP level 2. HP: 20/20 MP: 1/5
   269 | D:1      | Reached skill level 4 in Poison Magic
   539 | D:1      | Reached XP level 3. HP: 25/25 MP: 4/6
   977 | D:2      | Reached skill level 1 in Fighting
  1206 | D:2      | Found a sparkling altar of Nemelex Xobeh.
  1287 | D:2      | Found a faded altar of an unknown god.
  1338 | D:2      | Found a burning altar of Makhleb.
  1360 | D:2      | Noticed Natasha
  1374 | D:2      | Killed Natasha
  1375 | D:2      | Reached XP level 4. HP: 18/32 MP: 0/7
  1426 | D:2      | Noticed Natasha
  1433 | D:2      | Killed Natasha
  1624 | D:2      | Found a radiant altar of Vehumet.
  1643 | D:2      | Became a worshipper of Vehumet
  1690 | D:2      | Found a blossoming altar of Fedhas.
  1898 | D:2      | Noticed Natasha
  1924 | D:2      | Killed from afar by a white imp

Illustrated notes

Levels and vault maps discovered:
D:1:      kennysheep_arrival_forest, layout_rooms, corexii_leaking_fountain,
          minivault_4, fountainhead
D:2:      layout_loops_ring, vehumet_crystals, lemuel_round_altar,
          old_standard_altar, chequers_ecumenical_altar_lobes,
          nemelex_xobeh_ov_fountains_minmay, uniq_natasha

Skill      XL: |  1  2  3 |
---------------+----------+-----
Poison Magic   | 4 |  4.5
Fighting       | 1 |  1.7
Transmutations | 2 |  2.6
Dodging        | |  2.6
Stealth        | |  2.1
Spellcasting   | |  2.7

Action                   |  1- 3 |  4- 6 || total
-------------------------+-------+-------++-------
Melee: Unarmed           |    26 |       ||    26
       Flail             |    32 |    16 ||    48
       Tailslap          |     2 |       ||     2
 Cast: Sting             |    31 |    21 ||    52
  Use: Potion            |     1 |     3 ||     4
       Scroll            |       |     4 ||     4
Armor: Robe              |     9 |     1 ||    10
Dodge: Dodged            |    47 |    33 ||    80

Table legend: (Time is in decaauts)
 A = Elapsed time spent in this place.
 B = Non-inter-level travel time spent in this place.
 C = Inter-level travel time spent in this place.
 D = Time resting spent in this place.
 E = Time spent auto-exploring this place.
 F = Levels seen in this place.
 G = Mean time per level.
                   A        B        C        D        E       F      G
               +--------+--------+--------+--------+--------+-----+--------+
         Total |   1934 |   1924 |     10 |      0 |   1619 |   2 |  967.0 |
       Dungeon |   1934 |   1924 |     10 |      0 |   1619 |   2 |  967.0 |
               +--------+--------+--------+--------+--------+-----+--------+

Top non-repeatable levels by time:
     D:2: 973 daAuts
     D:1: 961 daAuts
